 Dungeon Crawl Stone Soup version 0.28-a0-793-g31680bbd8b (webtiles) character file.

Game seed: 3431207980295598585

32 demibob the Ruffian (level 3, 31/31 HPs)
             Began as a Ghoul Monk on Nov 4, 2021.
             Was a Believer of Wu Jian.
             Quit the game on level 2 of the Dungeon.
             The game lasted 00:01:09 (1279 turns).

demibob the Ruffian (Ghoul Monk)                    Turns: 1279, Time: 00:01:10

Health: 31/31      AC:  2    Str: 14    XL:     3   Next: 27%
Magic:  2/2        EV: 12    Int:  5    God:    Wu Jian [**....]
Gold:   58         SH:  0    Dex: 12    Spells: 2/2 levels left

rFire   . . .      SeeInvis .     - Unarmed
rCold   + . .      Faith    .   (no shield)
rNeg    + + +      Spirit   .   a - +0 robe
rPois   ∞          Reflect  .   (no helmet)
rElec   .          Harm     .   (no cloak)
rCorr   .          Rampage  .   (no gloves)
Will    .....                   (no boots)
Stlth   ++........              (no amulet)
HPRegen 0.10/turn               (no ring)
MPRegen 0.08/turn               (no ring)

@: hasted, very quick
A: claws 1, cold resistance 1, negative energy resistance 3, inhibited
regeneration, torment resistance 2
a: Renounce Religion, Wall Jump


You were on level 2 of the Dungeon.
You worshipped Wu Jian.
Wu Jian was pleased with you.
You visited 1 branch of the dungeon, and saw 2 of its levels.

You collected 58 gold pieces.


Innate Abilities, Weirdness & Mutations

You thrive by killing the living.
You are immune to poison.
You have sharp fingernails.
Your flesh is cold resistant. (rC+)
You are immune to negative energy. (rN+++)
You do not regenerate when monsters are visible.
You are immune to unholy pain and torment.


   Skills:
 - Level 3.2 Fighting
 - Level 2.6 Dodging
 - Level 2.1 Stealth
 + Level 4.7 Unarmed Combat


You had 2 spell levels left.
You didn't know any spells.
Your spell library contained the following spells:

 Spells                   Type           Power      Damage    Failure   Level
 Ensorcelled Hibernation  Hex/Ice        0%         N/A       63%         2
 Eringya's Noxious Bog    Tmut/Pois      0%         N/A       100%        6
 Ozocubu's Refrigeration  Ice            0%         4d5       100%        7

Inventory:

Armour
 a - a +0 robe (worn)
Scrolls
 d - 3 scrolls of identify {unknown}

Dungeon Overview and Level Annotations

Branches:
Dungeon (2/15)

Altars:
Wu Jian

#...# ####...#
..#...#########
#[#............
#.#....#######.
#......###.#
###..........#
#.#...##.###.#
#.#...##@# ...
#<†....#.#
J....
#†#........
##.#.#
#.#.##..... gb
.. #.#.##.[....
#. #
#.#.#........
.#
#.#.#....####.
.......>.# .#
###.#


There were no monsters in sight!


Message History

No target in view!
No target in view!
No target in view!
No target in view!
No target in view!
No target in view!
Found a leather armour, 12 gold pieces and a ring mail.
You see here a jackal corpse.
Found a faded altar of an unknown god.
You now have 58 gold pieces (gained 12).
A bat, an endoplasm and a goblin come into view.
There are monsters nearby!
There are monsters nearby!
Found a stone staircase leading down.
There is a faded altar of an unknown god here.
You cannot tell which god this altar belongs to.
Convert to them anyway?
Uppercase [Y]es or [N]o only, please.
You cannot tell which god this altar belongs to.
Convert to them anyway? [Y]es or [N]o only, please.
You cannot tell which god this altar belongs to.
Convert to them anyway? [Y]es or [N]o only, please.
You cannot tell which god this altar belongs to.
Convert to them anyway?
Wu Jian accepts your prayer! The Council welcomes you!
You can now lightly attack monsters by moving around them.
You can now perform airborne attacks.
You can now perform damaging attacks by moving towards foes.
It was a potion of haste.
You feel yourself speed up.
It was a potion of curing.
You feel better.
Are you sure you want to abandon this character and quit the game? (Confirm with "yes".)

Skill      XL: |  1  2 |
---------------+-------+-----
Unarmed Combat | 4 |  4.7
Fighting       | |  3.2
Dodging        | |  2.6
Stealth        | |  2.1

Action                   || total
-------------------------++-------
Melee: Unarmed           ||    70
       Punch             ||     1
  Use: Potion            ||     2
 Stab: Sleeping          ||     5
Armor: Robe              ||    16
Dodge: Dodged            ||    39

Levels and vault maps discovered:
D:1:      dpeg_arrival_simpleton_a, layout_basic, serial_bayou_pond_c,
          minmay_misc_feat_ornament, minmay_crystal_room
D:2:      layout_basic, basic_ecumenical_altar, uniq_sigmund

Notes
Turn   | Place    | Note
-------+----------+-------------------------------------------
     0 | D:1      | demibob the Ghoul Monk began the quest for the Orb.
     0 | D:1      | Reached XP level 1. HP: 19/19 MP: 0/0
    93 | D:1      | Got the Catalogue of Transformation and Ice
   189 | D:1      | Reached XP level 2. HP: 17/26 MP: 1/1
   192 | D:1      | Reached skill level 4 in Unarmed Combat
   900 | D:1      | Reached XP level 3. HP: 23/31 MP: 2/2
  1261 | D:2      | Found a faded altar of an unknown god.
  1276 | D:2      | Prayed at the altar of an unknown god.
  1276 | D:2      | Became a worshipper of the Wu Jian Council
  1276 | D:2      | Reached * piety under Wu Jian
  1276 | D:2      | Reached ** piety under Wu Jian
  1279 | D:2      | Quit the game

Vanquished Creatures
  5 bats (D:1)
  An endoplasm (D:1)
  4 hobgoblins (D:1)
  7 jackals
  2 ball pythons (D:1)
  3 frilled lizards (D:1)
  3 goblins (D:1)
  3 kobolds (D:1)
  A rat (D:1)
29 creatures vanquished.

Table legend: (Time is in decaauts)
 A = Elapsed time spent in this place.
 B = Non-inter-level travel time spent in this place.
 C = Inter-level travel time spent in this place.
 D = Time resting spent in this place.
 E = Time spent auto-exploring this place.
 F = Levels seen in this place.
 G = Mean time per level.
                   A        B        C        D        E       F      G
               +--------+--------+--------+--------+--------+-----+--------+
         Total |   1285 |   1258 |     27 |      4 |   1071 |   2 |  642.5 |
       Dungeon |   1285 |   1258 |     27 |      4 |   1071 |   2 |  642.5 |
               +--------+--------+--------+--------+--------+-----+--------+

Top non-repeatable levels by time:
     D:1: 1256 daAuts
     D:2: 29 daAuts

Table legend:
 A = Non-vault XP
 B = Vault XP
 C = Vault XP percentage of total XP
 D = Non-vault monster count
 E = Vault monster count
 F = Vault count percentage of total count
                 A         B        C        D         E       F
            +---------+---------+-------+---------+---------+-------
      Total |      47 |       0 |   0.0 |      29 |       0 |   0.0
            +---------+---------+-------+---------+---------+-------
        D:1 |      41 |       0 |   0.0 |      26 |       0 |   0.0
        D:2 |       6 |       0 |   0.0 |       3 |       0 |   0.0
            +---------+---------+-------+---------+---------+-------
